 Dungeon Crawl Stone Soup version 0.21.1-1-g345015f (webtiles) character file.

452 Mgcat the Fighter (level 7, -4/67 HPs)
             Began as a Gnoll Wanderer on Feb 7, 2018.
             Was an Initiate of Ashenzari.
             Slain by a chaos spawn (6 damage)
             ... on level 1 of the Abyss.
             The game lasted 00:07:35 (3269 turns).

Mgcat the Fighter (Gnoll Wanderer)                  Turns: 3269, Time: 00:07:35

Health: -4/67      AC:  5    Str: 17    XL:     7   Next: 5%
Magic:  10/10      EV: 11    Int: 14    God:    Ashenzari [......]
Gold:   239        SH:  0    Dex: 14    Spells: 10/10 levels left

rFire    . . .     SeeInvis .   h - +1 dagger (venom)
rCold    . . .     Gourm    .   (no shield)
rNeg     . . .     Faith    .   k - +0 ring mail (curse)
rPois    .         Spirit   .   (no helmet)
rElec    .         Reflect  .   (no cloak)
rCorr    .         Harm     .   (no gloves)
MR       +....                  (no boots)
Stlth    +.........             (no amulet)
HPRegen  0.00/turn              i - ring of protection from magic {MR+, !d}
MPRegen  0.12/turn              (no ring)

@: very slightly contaminated, non-regenerating, diseased
A: distributed training, fangs 1, strong nose
a: Curse Item, Renounce Religion


You were on level 1 of the Abyss.
You worshipped Ashenzari.
Ashenzari was noncommittal.
You were not hungry.

You visited 1 branch of the dungeon, and saw 3 of its levels.
You visited the Abyss 1 time.
You also visited: Sewer.

You collected 239 gold pieces.

Inventory:

Hand Weapons
 a - a +2 shortbow
 h - a +1 dagger of venom (weapon)
   (You took it off a kobold on level 1 of the Dungeon)
Missiles
 b - 33 arrows
Armour
 d - a +0 robe
 k - a cursed +0 ring mail (worn)
   (You found it on level 2 of the Dungeon)
Jewellery
 i - a ring of protection from magic (left hand) {MR+, !d}
   (You found it on level 1 of the Dungeon)
Wands
 p - a wand of flame (26)
   (You took it off Ijyb on level 3 of the Dungeon)
Scrolls
 c - 2 scrolls of teleportation
 e - 2 scrolls of remove curse
 j - 5 scrolls of identify {unknown}
 l - a scroll of enchant weapon {unknown}
 m - a scroll of amnesia {unknown}
 v - a scroll of blinking {unknown}
Potions
 n - a potion of mutation {unknown}
 o - a potion of might {unknown}
 q - 2 potions of lignification {unknown}
 r - a potion of haste {unknown}
 s - a potion of curing {unknown}
 t - 2 potions of flight {unknown}
 u - a potion of heal wounds {unknown}
Comestibles
 f - 6 rations
 g - a chunk of flesh {@w0}


   Skills:
 + Level 10.5 Fighting
 + Level 2.2 Short Blades
 + Level 2.2 Long Blades
 + Level 3.4 Axes
 + Level 2.2 Maces & Flails
 + Level 2.2 Polearms
 + Level 2.2 Staves
 + Level 2.2 Slings
 + Level 3.4 Bows
 + Level 2.2 Crossbows
 + Level 2.2 Throwing
 + Level 3.4 Armour
 + Level 2.2 Dodging
 + Level 2.2 Stealth
 + Level 5.1 Shields
 + Level 2.2 Unarmed Combat
 + Level 2.2 Spellcasting
 + Level 1.7 Conjurations
 + Level 1.7 Hexes
 + Level 1.7 Charms
 + Level 1.7 Summonings
 + Level 1.7 Necromancy
 + Level 1.7 Translocations
 + Level 1.7 Transmutations
 + Level 1.7 Fire Magic
 + Level 1.7 Ice Magic
 + Level 1.7 Air Magic
 + Level 1.7 Earth Magic
 + Level 1.7 Poison Magic
 + Level 2.4 Invocations
 + Level 2.2 Evocations


You had 10 spell levels left.
You didn't know any spells.

Dungeon Overview and Level Annotations

Branches:
Dungeon (3/15)

Altars:
Ashenzari
Gozag
Makhleb
Okawaru
Sif Muna

Annotations:
D:3 Crazy Yiuf


Innate Abilities, Weirdness & Mutations

Your experience applies equally to all skills.
You have very sharp teeth.
Your uncanny sense of smell can sniff out nearby items.


Message History

You found a teleport trap!
No target in view!
A worm comes into view.
You hit the worm.
The worm is poisoned.
The worm is lightly wounded.
You hit the worm.
The worm looks as sick as possible!
The worm is moderately wounded.
The worm closely misses you.
You hit the worm but do no damage. You bite the worm.
The worm is moderately wounded.
You hit the worm but do no damage.
The worm looks as sick as possible!
The worm is heavily wounded.
The worm bites you but does no damage.
You hit the worm.
The worm looks as sick as possible!
You bite the worm.
The worm is severely wounded.
You hit the worm but do no damage.
The worm is severely wounded.
The worm bites you.
You hit the worm.
The worm looks as sick as possible!
The worm is almost dead.
You kill the worm!
Eating one of 6 chunks of flesh {@w0}.
You eat one of the 6 chunks of flesh {@w0}.
This raw flesh tastes terrible.
Some of the chunks of flesh in your inventory have rotted away.
Partly explored, unopened runed door.
Partly explored, unopened runed door.
You open the door.
Marking area around Crazy Yiuf as unsafe for travelling.
Crazy Yiuf the Enlightened comes into view.
Ashenzari warns you: He is wielding a quarterstaff of chaos.
Crazy Yiuf shouts!
Unknown command.
Unknown command.
Wield which item (- for none, * to show all)? (? for menu, Esc to quit)
Your +1 dagger of venom stops dripping with poison.
a - a +2 shortbow (weapon)
Firing (i - inventory):
b - 34 arrows (quivered)
Press: ? - help, Shift-Dir - straight line, f - Crazy Yiuf
Aim: Crazy Yiuf, wielding a quarterstaff of chaos and wearing a cloak You shoot an arrow.
The arrow barely misses Crazy Yiuf.
Crazy Yiuf flaps his cloak.
Wield which item (- for none, * to show all)? (? for menu, Esc to quit)
Your +1 dagger of venom begins to drip with poison!
h - a +1 dagger of venom (weapon)
You closely miss Crazy Yiuf.
Crazy Yiuf drinks a potion.
Crazy Yiuf flickers and vanishes!
Deactivating autopickup; reactivate with Ctrl-A.
You hit something but do no damage. You bite something. Something hits you.
You suddenly lose the ability to move!
Something hits you!
You are poisoned.
You feel sick. Something hits you but does no damage.
You are electrocuted!
You feel sick. Something hits you! Something freezes you.
You can move again.
You barely miss something.
You feel sick. Something hits you.
You fade into invisibility!
You are very lightly contaminated with residual magic.
You hit something. You hit something.
You feel sick. Something hits you. Something burns you.
You hit something.
You feel sick. Something hits you!
* * * LOW HITPOINT WARNING * * *
You are cast into the Abyss!
To return, you must find a gate leading back.
Killing monsters will force the Abyss to allow you passage.
This branch contains the abyssal rune of Zot.
Unknown command.
Unknown command.
Okay, then.
Unknown command.
You feel sick.
You feel sick.
You feel sick.
You flicker for a moment.
You feel sick.
There is an open door here.
You flicker back into view.
You feel sick.
You feel sick.
You feel sick.
You feel sick.
You are no longer poisoned.
You see here 28 gold pieces.
You now have 239 gold pieces (gained 28).
You see here a scroll labeled HUOTHALLUTU.
v - a scroll labeled HUOTHALLUTU A chaos spawn comes into view.
The chaos spawn screeches!
You feel yourself growing ill in the presence of the ancient zyme.
An ancient zyme comes into view.
An apocalypse crab comes into view.
You feel ill.
You feel ill.
You feel ill.
You feel ill.
There is an open door here.
The chaos spawn gores you!
* * * LOW HITPOINT WARNING * * *
The chaos spawn shocks you.
You die...

# .
..##.#.t###.....#...
.... ##...# .#.#....
# . . .#...# ##. #.
# .# .##t## . .. . .
#.## # ∆ # . ##x# ∆
#.## ##4# #@#≈##
#.#.## ... .# [.#.#
.# ..# .. .. # #.#
## ##


You could see a chaos spawn.

Vanquished Creatures
  A big kobold (Sewer)
  A hound (D:3)
  2 orc wizards (D:3)
  Ijyb (D:3)
  6 gnolls
  8 adders
  2 river rats (Sewer)
  A worm (D:3)
  5 dart slugs
  5 leopard geckos
  8 orcs (D:3)
  A ball python (D:3)
  2 giant cockroaches
  12 goblins
  7 hobgoblins
  2 jackals (Sewer)
  12 kobolds
  2 quokkas
  12 bats
  3 frilled lizards
  13 rats
106 creatures vanquished.

Notes
Turn   | Place    | Note
-------+----------+-------------------------------------------
     0 | D:1      | Reached skill level 10 in Fighting
     0 | D:1      | Mgcat the Gnoll Wanderer began the quest for the Orb.
     0 | D:1      | Mgcat set off with: a +2 shortbow, 23 arrows, 2 scrolls of teleportation, a +0 robe, a ration
     0 | D:1      | Reached XP level 1. HP: 28/28 MP: 1/1
    43 | D:1      | Reached XP level 2. HP: 36/36 MP: 2/2
   371 | D:1      | Reached XP level 3. HP: 41/42 MP: 3/3
   718 | D:2      | Reached skill level 1 in Invocations
   870 | D:2      | Reached skill level 1 in Short Blades
   870 | D:2      | Reached skill level 1 in Long Blades
   870 | D:2      | Reached skill level 1 in Maces & Flails
   870 | D:2      | Reached skill level 1 in Polearms
   870 | D:2      | Reached skill level 1 in Staves
   870 | D:2      | Reached skill level 1 in Slings
   870 | D:2      | Reached skill level 1 in Crossbows
   870 | D:2      | Reached skill level 1 in Throwing
   870 | D:2      | Reached skill level 1 in Dodging
   870 | D:2      | Reached skill level 1 in Stealth
   870 | D:2      | Reached skill level 1 in Unarmed Combat
   870 | D:2      | Reached skill level 1 in Spellcasting
   870 | D:2      | Reached skill level 1 in Evocations
   939 | D:2      | Reached XP level 4. HP: 36/48 MP: 5/5
  1385 | D:2      | Reached skill level 1 in Conjurations
  1385 | D:2      | Reached skill level 1 in Hexes
  1385 | D:2      | Reached skill level 1 in Charms
  1385 | D:2      | Reached skill level 1 in Summonings
  1385 | D:2      | Reached skill level 1 in Necromancy
  1385 | D:2      | Reached skill level 1 in Translocations
  1385 | D:2      | Reached skill level 1 in Transmutations
  1385 | D:2      | Reached skill level 1 in Fire Magic
  1385 | D:2      | Reached skill level 1 in Ice Magic
  1385 | D:2      | Reached skill level 1 in Air Magic
  1385 | D:2      | Reached skill level 1 in Earth Magic
  1385 | D:2      | Reached skill level 1 in Poison Magic
  1664 | D:2      | Reached XP level 5. HP: 48/54 MP: 6/6
  1830 | D:3      | Found an opulent altar of Gozag.
  1853 | D:3      | Noticed Ijyb
  1864 | D:3      | Killed Ijyb
  1981 | D:3      | Reached skill level 3 in Axes
  1981 | D:3      | Reached skill level 3 in Bows
  1981 | D:3      | Reached skill level 3 in Armour
  2179 | D:3      | Found a glowing drain.
  2193 | Sewer    | Entered a sewer
  2282 | Sewer    | Noticed a big kobold
  2304 | Sewer    | Killed a big kobold
  2304 | Sewer    | Reached skill level 2 in Invocations
  2304 | Sewer    | Reached XP level 6. HP: 52/61 MP: 8/8
  2325 | Sewer    | Found a white marble altar of Elyvilon.
  2494 | D:3      | Found a shattered altar of Ashenzari.
  2528 | D:3      | Became a worshipper of Ashenzari the Shackled
  2567 | D:3      | Found an iron altar of Okawaru.
  2635 | D:3      | Reached skill level 5 in Shields
  2668 | D:3      | Found a runed door.
  2723 | D:3      | Reached skill level 2 in Short Blades
  2723 | D:3      | Reached skill level 2 in Long Blades
  2723 | D:3      | Reached skill level 2 in Maces & Flails
  2723 | D:3      | Reached skill level 2 in Polearms
  2723 | D:3      | Reached skill level 2 in Staves
  2723 | D:3      | Reached skill level 2 in Slings
  2723 | D:3      | Reached skill level 2 in Crossbows
  2723 | D:3      | Reached skill level 2 in Throwing
  2723 | D:3      | Reached skill level 2 in Dodging
  2723 | D:3      | Reached skill level 2 in Stealth
  2723 | D:3      | Reached skill level 2 in Unarmed Combat
  2723 | D:3      | Reached skill level 2 in Spellcasting
  2723 | D:3      | Reached skill level 2 in Evocations
  2764 | D:3      | Found a burning altar of Makhleb.
  2885 | D:3      | Found a deep blue altar of Sif Muna.
  2921 | D:3      | Reached XP level 7. HP: 59/67 MP: 10/10
  3191 | D:3      | Noticed Crazy Yiuf
  3196 | D:3      | Paralysed by something for 3 turns
  3203 | D:3      | HP: 16/67 [something (8)]
  3203 | D:3      | Cast into level 1 of the Abyss (Crazy Yiuf)
  3209 | Abyss:1  | HP: 14/67 [poisoned by Crazy Yiuf]
  3215 | Abyss:1  | HP: 13/67 [poisoned by Crazy Yiuf]
  3223 | Abyss:1  | HP: 13/67 [poisoned by Crazy Yiuf]
  3244 | Abyss:1  | Noticed a chaos spawn
  3248 | Abyss:1  | Noticed an ancient zyme
  3252 | Abyss:1  | Noticed an apocalypse crab
  3269 | Abyss:1  | HP: 2/67 [chaos spawn (16)]
  3269 | Abyss:1  | Slain by a chaos spawn

Skill      XL: |  1  2  3  4  5  6 |
---------------+-------------------+-----
Fighting       | | 10.5
Invocations    | 1 2 |  2.4
Short Blades   | 1 2 |  2.2
Long Blades    | 1 2 |  2.2
Maces & Flails | 1 2 |  2.2
Polearms       | 1 2 |  2.2
Staves         | 1 2 |  2.2
Slings         | 1 2 |  2.2
Crossbows      | 1 2 |  2.2
Throwing       | 1 2 |  2.2
Dodging        | 1 2 |  2.2
Stealth        | 1 2 |  2.2
Unarmed Combat | 1 2 |  2.2
Spellcasting   | 1 2 |  2.2
Evocations     | 1 2 |  2.2
Conjurations   | 1 |  1.7
Hexes          | 1 |  1.7
Charms         | 1 |  1.7
Summonings     | 1 |  1.7
Necromancy     | 1 |  1.7
Translocations | 1 |  1.7
Transmutations | 1 |  1.7
Fire Magic     | 1 |  1.7
Ice Magic      | 1 |  1.7
Air Magic      | 1 |  1.7
Earth Magic    | 1 |  1.7
Poison Magic   | 1 |  1.7
Axes           | 3 |  3.4
Bows           | 3 |  3.4
Armour         | 3 |  3.4
Shields        | 5 |  5.1

Action                   |  1- 3 |  4- 6 |  7- 9 || total
-------------------------+-------+-------+-------++-------
Melee: Dagger            |    60 |   222 |    23 ||   305
       Bite              |     9 |    25 |     6 ||    40
       Punch             |     1 |     3 |       ||     4
 Fire: Shortbow          |     9 |     5 |     1 ||    15
Invok: Curse Item        |       |     1 |       ||     1
 Stab: Sleeping          |     3 |     1 |       ||     4
  Eat: Chunk             |       |     7 |     1 ||     8
Armor: Robe              |    11 |     2 |       ||    13
       Ring mail         |       |    74 |     4 ||    78
Dodge: Dodged            |    45 |   138 |     5 ||   188

Vault maps used:
D:1:      minmay_arrival_glassed_features, minmay_misc_feat_plants
D:3:      nicolae_gozag_seed_capital, nicolae_overflow_hidden_temple,
          lemuel_doored_altar, makhleb_blood_cavern_becter,
          cheibrodos_sewer_entry_sluice, first_ration,
          okawaru_altar_gauntlet_db, uniq_ijyb, uniq_crazy_yiuf_cottage
Sewer:    sewer_kobolds

Table legend:
 A = Turns spent in this place as a percentage of turns spent in the entire game.
 B = Non-inter-level travel turns spent in this place as a percentage of non-inter-level travel turns spent in the entire game.
 C = Inter-level travel turns spent in this place as a percentage of turns spent in this place.
 D = Turns resting spent in this place as a percentage of non-inter-level travel turns spent in this place.
 E = Turns spent auto-exploring this place as a percentage of non-inter-level travel turns spent in this place.
 F = Non-inter-level travel turns spent in this place divided by the number of levels of this place that you've seen.
                   A       B       C       D       E      F
               +-------+-------+-------+-------+-------+----------------------
         Total | 100.0 | 100.0 |   2.9 |   0.1 |  75.9 | 634.6
       Dungeon |  92.6 |  92.4 |   3.2 |   0.1 |  78.1 | 977.0
         Abyss |   2.0 |   2.1 |   0.0 |   0.0 |   0.0 |  66.0
         Sewer |   5.4 |   5.5 |   0.0 |   0.0 |  67.6 | 176.0
               +-------+-------+-------+-------+-------+----------------------

Table legend:
 A = Kills in this place as a percentage of kills in entire the game.
 B = Kills by you in this place as a percentage of kills by you in the entire game.
 C = Kills by friends in this place as a percentage of kills by friends in the entire game.
 D = Other kills in this place as a percentage of other kills in the entire game.
 E = Experience gained in this place as a percentage of experience gained in the entire game.
 F = Experience gained in this place divided by the number of levels of this place that you have seen.
                   A       B       C       D       E      F
               +-------+-------+-------+-------+-------+----------------------
         Total | 100.0 | 100.0 |   N/A |   N/A | 100.0 | 129.4
       Dungeon |  88.7 |  88.7 |   N/A |   N/A |  78.4 | 169.0
         Sewer |  11.3 |  11.3 |   N/A |   N/A |  21.6 | 140.0
               +-------+-------+-------+-------+-------+----------------------
